 Dungeon Crawl Stone Soup version 0.23.0-3-gf3c87f2 (webtiles) character file.

Game seed: 15202770681712524483

3156 Borgoz the Sneak (level 9, -1/71 HPs)
             Began as a Ghoul Enchanter on Feb 25, 2019.
             Was a Follower of Ashenzari.
             Slain by Dowan
             ... wielding a +0 dagger of electrocution
              (13 damage)
             ... on level 7 of the Dungeon.
             The game lasted 00:24:28 (6790 turns).

Borgoz the Sneak (Ghoul Enchanter)                  Turns: 6790, Time: 00:24:29

Health: -1/71      AC:  7    Str: 12    XL:     9   Next: 93%
Magic:  11/13      EV: 15    Int: 10    God:    Ashenzari [*.....]
Gold:   224        SH:  0    Dex: 17    Spells: 10/15 levels left

rFire    + . .     SeeInvis .   a - +0 dagger (venom)
rCold    + . .     Gourm    .   (no shield)
rNeg     + + +     Faith    .   c - +2 leather armour {rF+}
rPois    ∞         Spirit   .   i - +0 helmet (curse)
rElec    .         Reflect  .   (no cloak)
rCorr    .         Harm     .   r - +0 pair of gloves
MR       .....                  (no boots)
Stlth    +++.......             b - amulet of the acrobat
HPRegen  0.00/turn              y - ring of Mekiyph {+Blink Slay+3}
MPRegen  0.13/turn              k - +5 ring of dexterity (curse)

@: very slightly contaminated, rotting
A: rotting body, claws 1, carnivore, cold resistance 1, negative energy
resistance 3, inhibited regeneration, torment resistance, unbreathing
a: Curse Item, Scrying, Renounce Religion, Evoke Blink


You were on level 7 of the Dungeon.
You worshipped Ashenzari.
Ashenzari was aware of your devotion.
You were not hungry.

You visited 2 branches of the dungeon, and saw 9 of its levels.

You collected 224 gold pieces.

Inventory:

Hand Weapons
 a - a +0 dagger of venom (weapon)
Missiles
 e - 4 throwing nets (quivered)
 o - 23 poisoned needles
Armour
 c - a +2 leather armour of fire resistance (worn)
 i - a cursed +0 helmet (worn)
 r - a +0 pair of gloves (worn)
Jewellery
 b - an amulet of the acrobat (around neck)
 f - a +4 ring of evasion
 k - a cursed +5 ring of dexterity (right hand)
 l - an uncursed amulet of magic regeneration
 y - the ring of Mekiyph (left hand) {+Blink Slay+3}
   (You found it on level 6 of the Dungeon)

   [ring of slaying]

   It affects your accuracy and damage with ranged weapons and melee attacks
   (+3).
   It lets you blink.
Wands
 g - a wand of polymorph (2)
 v - a wand of acid (7)
Scrolls
 h - 7 scrolls of remove curse
 j - 2 scrolls of magic mapping {unknown}
 m - 2 scrolls of amnesia
 q - a scroll of enchant weapon {unknown}
 t - 2 scrolls of enchant armour {unknown}
 u - 2 scrolls of immolation {unknown}
 w - 2 scrolls of teleportation
Potions
 n - a potion of curing
 p - a potion of brilliance
 x - a potion of flight
 z - a potion of resistance
Comestibles
 d - 13 rations


   Skills:
 + Level 4.2 Fighting
 * Level 5.4 Short Blades
 + Level 3.6 Armour
 * Level 5.7 Dodging
 + Level 5.9 Stealth
 + Level 3.8 Spellcasting
 * Level 5.4 Hexes
 + Level 2.3 Evocations


You had 10 spell levels left.
You knew the following spells:

 Your Spells              Type           Power        Failure   Level  Hunger
a - Confuse               Hex            ##......     11%         3    ###....
b - Ensorcelled Hibernat  Hex/Ice        #.....       16%         2    ###....

Your spell library contained the following spells:

 Spells                   Type           Power        Failure   Level  Hunger
 Corona                   Hex            ##.....      3%          1    #......
 Tukima's Dance           Hex            ##......     11%         3    ###....
 Animate Skeleton         Necr           N/A          32%         1    #......
 Pain                     Necr           #...         32%         1    #......
 Dazzling Spray           Conj/Hex       #.....       32%         3    ###....
 Regeneration             Chrm/Necr      #.........   69%         3    ###....
 Vampiric Draining        Necr           #.........   69%         3    ###....
 Animate Dead             Necr           N/A          97%         4    #####..


Dungeon Overview and Level Annotations

Branches:
Dungeon (8/15)             Temple (1/1) D:7
   Lair: D:8-11

Altars:
Ashenzari
Cheibriados
Dithmenos
Elyvilon
Fedhas
Gozag
Hepliaklqana
Kikubaaqudgha
Makhleb
Nemelex Xobeh
Okawaru
Qazlal
Ru
Sif Muna
Trog
Uskayaw
Vehumet
Wu Jian
Xom
Yredelemnul
Zin
The Shining One

Annotations:
D:7 1 runed translucent door, 1 transporter, Crazy Yiuf, Dowan


Innate Abilities, Weirdness & Mutations

Your body is rotting away.
You thrive on raw meat.
You are immune to poison.
You have sharp fingernails.
You are carnivorous and can eat meat at any time.
Your flesh is cold resistant. (rC+)
You are immune to negative energy. (rN+++)
You do not regenerate when monsters are visible.
You are immune to unholy pain and torment.
You can survive without breathing.


Message History

Dowan hits you but does no damage.
You are electrocuted!!
* * * LOW HITPOINT WARNING * * *
You feel better. Dowan misses you.
Okay, then.
Okay, then.
Casting: Confuse (safe; 11% risk of failure)
Confirm with . or Enter, or press ? or * to list all spells.
Okay, then.
Casting: Confuse (safe; 11% risk of failure)
Confirm with . or Enter, or press ? or * to list all spells.
Aiming: Ensorcelled Hibernation (safe; 16% risk of failure)
Press: ? - help, Shift-Dir - straight line, f - Dowan
Aim: Dowan, wielding a +0 dagger of electrocution and wearing a +2 robe (lightly wounded, fast, poisoned, chance to defeat MR: 38%)
You miscast Ensorcelled Hibernation.
You are very lightly contaminated with residual magic.
Nothing appears to happen.
Dowan hits you but does no damage.
Dowan hits you with a +0 dagger of electrocution.
* * * LOW HITPOINT WARNING * * *
You are electrocuted!
You die...

........#.............
..........#.............
........................
..........#.............
#.......>.............(.
#.........#.............
#.......................
#.........#............)
#.....e@..#.............
#.........#.............
#(.......)#.............
..........#..........###
#.........#..........#.
#.#.#.....#..........#.#
........$.#..........#..
.#.####### ........#..
.. #####.©#$#


You could see Dowan.

Vanquished Creatures
  Harold (D:8)
  Joseph (D:7)
  Sigmund (D:2)
  Edmund (D:5)
  Duvessa (D:7)
  A sky beast (D:6)
  3 ogres
  3 centaurs
  A big kobold (D:6)
  Blork the orc (D:5)
  2 scorpions
  A howler monkey (D:6)
  A bullfrog zombie (D:6)
  2 crimson imps
  2 hounds
  A bullfrog skeleton (D:5)
  2 orc priests
  A centaur skeleton (D:5)
  A jelly (D:7)
  5 orc wizards
  2 iguanas
  9 worker ants
  A hound skeleton (D:5)
  A howler monkey skeleton (D:5)
  11 adders
  A shadow imp (D:7)
  2 oozes
  2 adder skeletons
  A worm (D:4)
  3 dart slugs
  2 leopard geckos
  14 orcs
  5 ball pythons
  6 giant cockroaches
  10 hobgoblins
  4 jackals (D:5)
  13 kobolds
  3 quokkas
  5 bats
  4 frilled lizards
  9 goblins
  15 rats
155 creatures vanquished.

Vanquished Creatures (others)
  A frilled lizard (D:2)
1 creature vanquished.

Grand Total: 156 creatures vanquished

Notes
Turn   | Place    | Note
-------+----------+-------------------------------------------
     0 | D:1      | Borgoz the Ghoul Enchanter began the quest for the Orb.
     0 | D:1      | Reached XP level 1. HP: 14/14 MP: 2/2
   111 | D:1      | Reached skill level 1 in Short Blades
   262 | D:1      | Reached XP level 2. HP: 17/20 MP: 0/3
   658 | D:2      | Reached XP level 3. HP: 14/27 MP: 4/4
   663 | D:2      | Learned a level 3 spell: Confuse
  1421 | D:2      | Found a sacrificial altar of Ru.
  1569 | D:2      | Reached XP level 4. HP: 18/34 MP: 6/6
  1651 | D:2      | Found a basalt altar of Yredelemnul.
  1684 | D:2      | Noticed Sigmund
  1714 | D:2      | Killed Sigmund
  1714 | D:2      | Reached skill level 1 in Fighting
  1714 | D:2      | Reached skill level 1 in Armour
  1714 | D:2      | Reached XP level 5. HP: 31/40 MP: 1/7
  1714 | D:2      | Reached XP level 6. HP: 37/47 MP: 1/8
  1964 | D:2      | Found a white marble altar of Elyvilon.
  2620 | D:3      | Found a shattered altar of Ashenzari.
  2649 | D:3      | Became a worshipper of Ashenzari the Shackled
  2820 | D:3      | Learned a level 2 spell: Ensorcelled Hibernation
  3198 | D:4      | Found an iron altar of Okawaru.
  3440 | D:4      | Found a radiant altar of Vehumet.
  3441 | D:4      | Found a burning altar of Makhleb.
  3455 | D:4      | Reached XP level 7. HP: 49/55 MP: 9/9
  3629 | D:5      | Entered Level 5 of the Dungeon
  3640 | D:5      | Noticed Edmund
  3768 | D:5      | Killed Edmund
  4286 | D:5      | Noticed Blork the orc
  4326 | D:5      | Reached XP level 8. HP: 61/61 MP: 11/11
  4363 | D:5      | Killed Blork the orc
  4588 | D:5      | Found a glowing silver altar of Zin.
  4833 | D:6      | Identified the ring of Mekiyph {+Blink Slay+3}
  4927 | D:6      | HP: 2/63 [iguana (8)]
  4961 | D:7      | Reached * piety under Ashenzari
  5207 | D:6      | Reached skill level 5 in Stealth
  5253 | D:6      | Reached skill level 1 in Evocations
  5289 | D:6      | Found a stormy altar of Qazlal.
  5300 | D:6      | Found a shimmering altar of Xom.
  5311 | D:6      | Found an ancient bone altar of Kikubaaqudgha.
  5333 | D:6      | Found a shadowy altar of Dithmenos.
  5370 | D:6      | Found an opulent altar of Gozag.
  5570 | D:7      | Found a staircase to the Ecumenical Temple.
  5571 | D:7      | Noticed Joseph
  5599 | D:7      | Killed Joseph
  5599 | D:7      | Reached skill level 5 in Dodging
  5599 | D:7      | Reached XP level 9. HP: 21/70 MP: 4/13
  5659 | Temple   | Entered the Ecumenical Temple
  5855 | D:8      | Noticed Harold
  5869 | D:8      | Killed Harold
  5869 | D:8      | Reached skill level 5 in Short Blades
  5869 | D:8      | Reached skill level 5 in Hexes
  5999 | D:7      | Found a runed translucent door.
  6000 | D:7      | Noticed Crazy Yiuf
  6748 | D:7      | Found a transporter.
  6759 | D:7      | Noticed Dowan
  6760 | D:7      | Noticed Duvessa
  6783 | D:7      | Killed Duvessa
  6790 | D:7      | Slain by Dowan

Skill      XL: |  1  2  3  4  5  6  7  8  9 |
---------------+----------------------------+-----
Short Blades   | 1 2 3 4 5 |  5.4
Dodging        | 2 3 4 5 |  5.7
Spellcasting   | 2 3 |  3.8
Fighting       | 1 2 3 4 |  4.2
Armour         | 1 2 3 |  3.6
Hexes          | 3 4 5 |  5.4
Stealth        | 4 5 |  5.9
Evocations     | 1 2 |  2.3

Action                   |  1- 3 |  4- 6 |  7- 9 || total
-------------------------+-------+-------+-------++-------
Melee: Dagger            |   156 |   160 |   387 ||   703
 Cast: Corona            |    15 |       |       ||    15
       Confuse           |       |     2 |     5 ||     7
       Ensorcelled Hiber |       |       |     1 ||     1
Invok: Curse Item        |       |     2 |       ||     2
Evoke: Wand              |       |       |     1 ||     1
  Use: Scroll            |     5 |     3 |     3 ||    11
       Potion            |       |     1 |    11 ||    12
 Stab: Sleeping          |     1 |     9 |     9 ||    19
       Confused          |       |     1 |     7 ||     8
       Distracted        |       |     1 |       ||     1
  Eat: Chunk             |     9 |    10 |    26 ||    45
Armor: Robe              |    13 |       |       ||    13
       Leather armour    |    30 |    16 |    57 ||   103
Dodge: Dodged            |   103 |    92 |   269 ||   464
